 Dungeon Crawl Stone Soup version 0.24.0-13-gcf9b319 (webtiles) character file.

Game seed: 9750532121499650753, levelgen mode: deterministic

15 southernslant the Charmwright (level 2, 0/19 HPs)
             Began as a Halfling Skald on Jan 15, 2020.
             Slain by a bat (1 damage)
             ... on level 2 of the Dungeon.
             The game lasted 00:01:37 (388 turns).

southernslant the Charmwright (Halfling Skald)       Turns: 388, Time: 00:01:37

Health: 0/19       AC:  3    Str: 12    XL:     2   Next: 65%
Magic:  0/4        EV: 14    Int: 11    God:
Gold:   39         SH:  0    Dex: 13    Spells: 1/4 levels left

rFire    . . .     SeeInvis .   a - +0 short sword
rCold    . . .     Gourm    .   (shield restricted)
rNeg     . . .     Faith    .   b - +0 leather armour
rPois    .         Spirit   .   (no helmet)
rElec    .         Reflect  .   (no cloak)
rCorr    .         Harm     .   (no gloves)
MR       .....                  (no boots)
Stlth    +.........             (no amulet)
HPRegen  0.06/turn              (no ring)
MPRegen  0.09/turn              (no ring)

@: lethally poisoned (0 -> -5), singing
A: small, mutation resistance 1
a: no special abilities


You were on level 2 of the Dungeon.
You were not hungry.

You visited 1 branch of the dungeon, and saw 2 of its levels.

You collected 39 gold pieces.

Inventory:

Hand Weapons
 a - a +0 short sword (weapon)
Missiles
 f - 37 stones (quivered)
Armour
 b - a +0 leather armour (worn)
Scrolls
 g - 2 scrolls of remove curse {unknown}
Potions
 e - a potion of might {unknown}
Comestibles
 c - a chunk of flesh
 d - 2 rations


   Skills:
 * Level 2.0 Fighting
 * Level 2.8 Short Blades
 * Level 1.6 Armour
 * Level 2.5 Dodging
 - Level 1.5 Spellcasting
 - Level 3.2 Charms


You had one spell level left.
You knew the following spells:

 Your Spells              Type           Power        Failure   Level  Hunger
a - Infusion              Chrm           #...         10%         1    ##.....
b - Song of Slaying       Chrm           #.......     16%         2    ###....

Your spell library contained the following spells:

 Spells                   Type           Power        Failure   Level  Hunger
 Shroud of Golubria       Chrm/Tloc      #.....       30%         2    ###....
 Regeneration             Chrm/Necr      #.........   52%         3    ####...
 Spectral Weapon          Hex/Chrm       #.......     52%         3    ####...


Dungeon Overview and Level Annotations

Branches:
Dungeon (2/15)

Altars:


Innate Abilities, Weirdness & Mutations

You are small and have problems with some larger weapons.
You are somewhat resistant to further mutation.


Message History

The adder poisons you! The rat bites you.
You are too injured to fight recklessly!
You are too injured to fight recklessly!
You are too injured to fight recklessly!
You miss the adder.
The adder is almost dead.
You feel sick. The bat hits you but does no damage. The adder bites you.
* * * LOW HITPOINT WARNING * * *
The frilled lizard closely misses you. The rat barely misses you.
The adder completely misses you.
You miss the adder.
The adder is almost dead.
The bat hits you but does no damage. The frilled lizard bites you.
* * * LOW HITPOINT WARNING * * *
The rat bites you but does no damage. The adder closely misses you.
You miss the adder.
The adder is almost dead.
You are no longer magically infusing your attacks.
The bat closely misses you. The bat hits you.
You die...

....... #.....
## #....# ...##
#....####
....#.......##
#.?#.........
##.).r....$>#
##...@S.....#
#..(lb<.....#
#.>.#...##......
#........ ###..
#......!.
#.........
#....(....
#..........
...#.##


You could see an adder, a bat, a frilled lizard and a rat.

Vanquished Creatures
  A giant cockroach (D:1)
  3 goblins (D:1)
  3 hobgoblins (D:1)
  A frilled lizard (D:1)
  4 kobolds
  2 rats (D:1)
14 creatures vanquished.

Notes
Turn   | Place    | Note
-------+----------+-------------------------------------------
     0 | D:1      | southernslant the Halfling Skald began the quest for the
                  | Orb.
     0 | D:1      | Reached XP level 1. HP: 14/14 MP: 3/3
    72 | D:1      | Reached XP level 2. HP: 13/19 MP: 0/4
    92 | D:1      | Learned a level 2 spell: Song of Slaying
   388 | D:2      | Slain by a bat

Levels and vault maps discovered:
D:1:      scummos_arrival_hexagon, layout_rooms
D:2:      layout_rooms, uniq_robin

Skill      XL: |  1  2 |
---------------+-------+-----
Fighting       | 2 |  2.0
Short Blades   | |  2.8
Armour         | |  1.6
Dodging        | |  2.5
Spellcasting   | |  1.5
Charms         | |  3.2

Action                   || total
-------------------------++-------
Melee: Short sword       ||    58
 Cast: Infusion          ||     2
       Song of Slaying   ||     1
Armor: Leather armour    ||    16
Dodge: Dodged            ||    58
